[Event "ICC Open 2015"]
[Site "Internet Chess Club"]
[Date "2015.05.30"]
[Round "5"]
[White "Dictator"]
[Black "FZI88"]
[Result "1-0"]
[ICCResult "Black forfeits on time"]
[WhiteElo "2608"]
[BlackElo "2226"]
[Opening "King's Indian: Averbakh system"]
[ECO "E73"]
[NIC "KI.26"]
[Time "19:42:00"]
[TimeControl "180+0"]

1. d4 Nf6 2. c4 g6 3. Nc3 Bg7 4. e4 d6 5. Be2 O-O 6. Bg5 Na6 7. Qd2 e5 8. d5
c6 9. Bd3 cxd5 10. cxd5 Qa5 11. Nge2 Nc5 12. Bc2 b5 13. f3 b4 14. Nd1 Ba6
15. Nf2 Rfc8 16. Nc1 Nh5 17. g3 Rab8 18. Nfd3 Nxd3+ 19. Bxd3 Bxd3 20. Nxd3
Qb5 21. O-O h6 22. Be3 a5 23. Rfc1 Kh7 24. Rc2 Rxc2 25. Qxc2 b3 26. axb3
Qxb3 27. Qxb3 Rxb3 28. Ra3 Rxa3 29. bxa3 f5 30. Bb6 a4 31. Kf2 fxe4 32. fxe4
Nf6 33. Kf3 h5 34. Nb2 Bh6 35. Nxa4 Bc1 36. Bd8 Kg7 37. Nb6 Bxa3 38. Nc4 Bc5
39. Bc7 Ne8 40. Bb8 Kf6 41. Nb2 Ke7 42. Nd3 Bd4 43. Nb4 Nf6 44. Nc6+ Kd7 45.
Ba7 Bxa7 46. Nxa7 Ng4 47. h3 Nf6 48. Nc6 g5 49. Nb4 g4+ 50. hxg4 hxg4+ 51.
Ke3 Ke7 52. Nc6+ Kd7 53. Na5 Ke7 54. Nc4 Kd7 55. Nd2 Nh5 56. Kf2 Ke7 57. Kg2
Kf6 58. Kf2 Kg5 59. Kg2 Nf6 60. Kf2 Nxe4+ 61. Nxe4+ Kf5 62. Nxd6+ Kf6 63.
Ne4+ Ke7 64. Ke3 Kd7 65. Kd3 Kc7 66. Kc4 Kd7 67. d6 Ke6 68. Kb4 Kf5 69. d7
Kxe4 70. d8=Q Kf3 71. Qd7 Kxg3 72. Qe6 Kf3 73. Qxe5 g3 74. Qf5+ Kg2 75. Qg5
Kf1 76. Qxg3 {Black forfeits on time} 1-0

[Event "ICC Open 2015"]
[Site "Internet Chess Club"]
[Date "2015.05.30"]
[Round "5"]
[White "yaguaro"]
[Black "karaivosa"]
[Result "0-1"]
[ICCResult "White forfeits on time"]
[WhiteElo "1965"]
[BlackElo "2361"]
[Opening "Sicilian: Nimzovich-Rossolimo attack (with ...g6, without ...d6)"]
[ECO "B31"]
[NIC "SI.31"]
[Time "19:42:39"]
[TimeControl "180+0"]

1. e4 c5 2. Nf3 Nc6 3. Bb5 g6 4. O-O Bg7 5. Re1 e5 6. c3 Nge7 7. d4 cxd4 8.
cxd4 exd4 9. Bf4 O-O 10. Bd6 Re8 11. Na3 Qb6 12. Bxc6 dxc6 13. Nc4 Qd8 14.
e5 Be6 15. Qxd4 Nf5 16. Qc5 Bxc4 17. Qxc4 Nxd6 18. exd6 Qxd6 19. Qb3 Qc7 20.
Rxe8+ Rxe8 21. Rd1 h6 22. h3 b5 23. Rc1 Re6 24. Qxb5 cxb5 25. Rxc7 a6 26.
Rc2 Rd6 27. Kf1 Bf8 28. Ke2 Kg7 29. b3 Kf6 30. Nd2 Ke6 31. Ne4 Rb6 32. f3 f5
33. Nc3 a5 34. a4 bxa4 35. bxa4 Rc6 36. Kd3 Bb4 37. Re2+ Kf6 38. Nd5+ Kg5
39. g3 h5 40. h4+ Kh6 41. Re8 Kg7 42. Ra8 Be1 43. Ra7+ Kf8 44. Ra8+ Kf7 45.
Ra7+ Ke6 46. Nf4+ Kf6 47. Nd5+ Ke5 48. Ne7 Rc3+ 49. Ke2 Bxg3 50. Nxg6+ Kf6
51. Ra6+ Kg7 52. Ne7 Rc5 53. Kd3 Be1 54. Kd4 Bb4 55. Kd3 Kf7
{White forfeits on time}
0-1

[Event "ICC Open 2015"]
[Site "Internet Chess Club"]
[Date "2015.05.30"]
[Round "5"]
[White "guibiazotto"]
[Black "Svinotigr"]
[Result "0-1"]
[ICCResult "White checkmated"]
[WhiteElo "1546"]
[BlackElo "1732"]
[Opening "Philidor: Hanham variation"]
[ECO "B07"]
[NIC "VO.17"]
[Time "19:42:50"]
[TimeControl "180+0"]

1. e4 d6 2. d4 Nd7 3. Nf3 e5 4. dxe5 dxe5 5. Nc3 g6 6. Bg5 Ngf6 7. Bxf6 Qxf6
8. Bc4 c6 9. O-O Bg7 10. Qe2 O-O 11. Rad1 a5 12. a3 h5 13. Rd2 Nc5 14. Rfd1
Bg4 15. Rd6 Bxf3 16. Qxf3 Qxf3 17. gxf3 b5 18. Ba2 b4 19. Rxc6 bxc3 20. Rxc5
cxb2 21. Rb1 Rab8 22. Rxa5 Rfd8 23. Ra7 Rd2 24. Rxf7 Kh8 25. Kg2 Rxc2 26.
Rd7 Rc1 27. Rd1 Rxd1 28. Rxd1 Bh6 29. Rb1 Bc1 30. Kf1 Ra8 31. Bd5 Rxa3 32.
Bc4 Rc3 33. Ba2 Ra3 34. Bc4 Kg7 35. Ke2 Kf6 36. Bd3 Kg5 37. Bc4 Kf4 38. Bd3
Kg5 39. Bb5 Kh4 40. Bd3 Kh3 41. Bc4 Kxh2 42. Bf7 Ra1 43. Bxg6 Rxb1 44. f4
Ra1 45. fxe5 b1=Q 46. e6 Ra7 47. Kf3 Re7 48. Bf5 Qd3# {White checkmated} 0-1

[Event "ICC Open 2015"]
[Site "Internet Chess Club"]
[Date "2015.05.30"]
[Round "5"]
[White "CapitalG"]
[Black "GGuseinov"]
[Result "0-1"]
[ICCResult "White forfeits on time"]
[WhiteElo "2714"]
[BlackElo "2999"]
[Opening "Sicilian: Smith-Morra gambit"]
[ECO "B21"]
[NIC "SI.48"]
[Time "19:42:20"]
[TimeControl "180+0"]

1. e4 c5 2. d4 cxd4 3. c3 dxc3 4. Nxc3 Nc6 5. Nf3 d6 6. Bc4 Nf6 7. O-O Bg4
8. Bb3 g6 9. Bf4 Bg7 10. h3 Bxf3 11. Qxf3 O-O 12. Rfd1 Qa5 13. Nd5 Nxd5 14.
Rxd5 Qb6 15. Be3 Bd4 16. Bh6 Bg7 17. Be3 Qa6 18. Rd2 Rac8 19. Rad1 Ne5 20.
Qe2 Qxe2 21. Rxe2 b6 22. Bd4 Rc7 23. f4 Nd7 24. Bxg7 Kxg7 25. Bc2 Rfc8 26.
Bd3 Rc1 27. Ree1 Rxd1 28. Rxd1 Rc7 29. Kf2 Kf8 30. Ke3 e6 31. b4 Ke7 32. Kd2
h6 33. a3 g5 34. g3 Nf6 35. Re1 Nh5 36. fxg5 hxg5 37. Re3 e5 38. Be2 Ng7 39.
h4 f6 40. Bg4 Ne6 41. Rc3 Rxc3 42. Kxc3 gxh4 43. gxh4 Nf4 44. Kc4 Ng2 45.
Kb5 Nxh4 46. Ka6 d5 47. exd5 f5 48. Bd1 f4 49. Kxa7 e4 50. Kxb6 Kd6 51. a4
e3 52. a5 f3 53. Bxf3 Nxf3 54. a6 e2 55. a7 e1=Q 56. a8=Q Qxb4+ 57. Ka7 Qa5+
58. Kb7 Qxd5+ 59. Ka7 Qc5+ 60. Kb7 Qb4+ 61. Ka7 Qa3+ 62. Kb7 Qb3+ 63. Ka7
Qa2+ 64. Kb7 Qf7+ 65. Ka6 Ne5 66. Qd8+ Nd7 67. Kb5 Qb3+ {White forfeits on
time} 0-1

[Event "ICC Open 2015"]
[Site "Internet Chess Club"]
[Date "2015.05.30"]
[Round "5"]
[White "ivancele"]
[Black "Cinzento"]
[Result "0-1"]
[ICCResult "White forfeits on time"]
[WhiteElo "1579"]
[BlackElo "1822"]
[Opening "King's Indian: Four pawns attack"]
[ECO "E76"]
[NIC "KI.57"]
[Time "19:42:25"]
[TimeControl "180+0"]

1. d4 Nf6 2. c4 g6 3. Nc3 Bg7 4. e4 O-O 5. f4 d6 6. Nf3 c5 7. d5 e6 8. Be2
exd5 9. exd5 Bf5 10. O-O Ne4 11. Nxe4 Bxe4 12. Nd2 Bf5 13. g4 Bd7 14. h3 f5
15. g5 h6 16. h4 h5 17. Kg2 a6 18. a4 b6 19. Ra3 Re8 20. Bf3 Re7 21. Re1 Qe8
22. Rxe7 Qxe7 23. Nf1 a5 24. Re3 Qd8 25. b3 Na6 26. Qe2 Bf8 27. Bb2 Qc7 28.
Bf6 Rc8 29. Nd2 Qb8 30. Nb1 Re8 31. Nc3 Rxe3 32. Qxe3 Qe8 33. Kf2 Qxe3+ 34.
Kxe3 Nb4 35. Bd8 Nc2+ 36. Kf2 Bg7 37. Ne2 Na1 38. Nc1 Bb2 39. Nd3 Bd4+ 40.
Ke1 Nxb3 41. Bxb6 Bc3+ 42. Kd1 Nd4 43. Be2 Kf7 44. Bc7 Ke7 45. Nc1 Bxa4+ 46.
Nb3 Bxb3+ 47. Kc1 Nxe2+ 48. Kb1 Nd4 49. Kc1 a4 50. Kb1 a3 51. Bxd6+ Kxd6 52.
Kc1 Kd7 53. Kb1 Bb2 54. d6 Kc6 {White forfeits on time} 0-1

[Event "ICC Open 2015"]
[Site "Internet Chess Club"]
[Date "2015.05.30"]
[Round "5"]
[White "Ancient"]
[Black "Sauerkraut"]
[Result "0-1"]
[ICCResult "White forfeits on time"]
[WhiteElo "2158"]
[BlackElo "2879"]
[Opening "Sicilian"]
[ECO "B56"]
[NIC "SI.25"]
[Time "19:42:12"]
[TimeControl "180+0"]

1. e4 c5 2. Nf3 d6 3. d4 cxd4 4. Nxd4 Nf6 5. Nc3 Nc6 6. Nxc6 bxc6 7. Bd3 e5
8. O-O Be7 9. Kh1 O-O 10. f4 exf4 11. Bxf4 Be6 12. Ne2 Qb6 13. b3 Ng4 14.
Qe1 Ne5 15. Qg3 Bf6 16. Rad1 Kh8 17. Ng1 Qa5 18. Nf3 Nxf3 19. Rxf3 Be5 20.
Rdf1 f6 21. a4 Rac8 22. Bxe5 Qxe5 23. Qxe5 dxe5 24. Kg1 c5 25. Rb1 Rfd8 26.
Kf2 Kg8 27. Re3 Kf8 28. Ree1 c4 29. bxc4 Bxc4 30. Re3 Rc7 31. Rb4 Rdc8 32.
Kf3 Ke7 33. Bxc4 Rxc4 34. Rb7+ R8c7 35. Rxc7+ Rxc7 36. Rb3 Kd7 37. c3 Kc6
38. Ke3 Rd7 39. Rb4 a6 40. a5 Kc5 41. Rb6 Ra7 42. Kd3 h5 43. c4 Rd7+ 44. Kc3
Rd4 45. Rxa6 Rxe4 46. Ra7 Rxc4+ 47. Kd3 Rd4+ 48. Ke3 g5 49. Rf7 Rf4 50. a6
Ra4 51. Rxf6 Kd5 52. Rg6 Ra3+ 53. Kf2 Ra2+ 54. Kg3 Ra3+ 55. Kf2 Ra4 56. Kg3
Ra2 57. Kf3 g4+ 58. Kg3 Ra3+ 59. Kh4 Rxa6 60. Kg5 Rxg6+ 61. Kxh5 e4
{White forfeits on time}
0-1

[Event "ICC Open 2015"]
[Site "Internet Chess Club"]
[Date "2015.05.30"]
[Round "5"]
[White "davidfrcc"]
[Black "holderlin"]
[Result "1-0"]
[ICCResult "Black forfeits on time"]
[WhiteElo "1843"]
[BlackElo "1728"]
[Opening "Sicilian: Pelikan, Chelyabinsk variation"]
[ECO "B33"]
[NIC "SI.37"]
[Time "19:42:49"]
[TimeControl "180+0"]

1. e4 c5 2. Nf3 Nc6 3. d4 cxd4 4. Nxd4 Nf6 5. Nc3 e5 6. Ndb5 d6 7. Bg5 a6 8.
Na3 b5 9. Nd5 Be7 10. Nxe7 Nxe7 11. f3 Be6 12. c4 O-O 13. cxb5 d5 14. bxa6
Qb6 15. Bxf6 gxf6 16. Qd2 dxe4 17. fxe4 Rfd8 18. Bd3 Ng6 19. g3 Rxa6 20. Qe2
Ra4 21. h4 Rad4 22. Rd1 f5 23. h5 Nf8 24. exf5 Bxf5 25. Bxf5 Rxd1+ 26. Qxd1
Rxd1+ 27. Kxd1 Qd4+ 28. Kc1 Qe3+ 29. Kb1 Qf3 30. Bxh7+ Kxh7 31. Rc1 Qe4+ 32.
Nc2 Ne6 33. a3 Nd4 34. a4 Nxc2 35. Rxc2 {Black forfeits on time} 1-0

[Event "ICC Open 2015"]
[Site "Internet Chess Club"]
[Date "2015.05.30"]
[Round "5"]
[White "Acerook"]
[Black "Vogel"]
[Result "1-0"]
[ICCResult "Black forfeits on time"]
[WhiteElo "1915"]
[BlackElo "2157"]
[Opening "English, 1...Nf6 (Anglo-Indian defense)"]
[ECO "A15"]
[NIC "RE.09"]
[Time "19:42:40"]
[TimeControl "180+0"]

1. c4 Nf6 2. g3 e6 3. Bg2 Be7 4. Nf3 O-O 5. O-O d5 6. b3 c5 7. Bb2 Nc6 8. e3
b6 9. Nc3 Bb7 10. cxd5 exd5 11. d4 Rc8 12. Rc1 Re8 13. Re1 Bf8 14. h3 a6 15.
Kh2 Qc7 16. a3 Rcd8 17. Qe2 Qb8 18. Qd2 Ne4 19. Nxe4 dxe4 20. Ng1 cxd4 21.
exd4 Na5 22. Qe3 Bd5 23. Rc3 b5 24. Rec1 Bd6 25. Ne2 Bb7 26. Qd2 Bd5 27. Qc2
Nb7 28. Re3 f5 29. Nc3 Bf7 30. Rce1 Rc8 31. Qd1 Na5 32. d5 Bc5 33. R3e2 Nb7
34. b4 Bd6 35. Rd2 Be5 36. Ne2 Nd6 37. Bxe5 Rxe5 38. Nd4 Nc4 39. Nc6 Rxc6
40. dxc6 Nxd2 41. Qxd2 Re7 42. Rc1 Qc7 43. Qg5 Bc4 44. Qxf5 g6 45. Qc5 Re6
46. Bxe4 Rxe4 47. Rd1 Re7 48. h4 Rf7 49. f4 Re7 50. Rd6 Re2+ 51. Kg1 Re7 52.
Kf2 Qc8 53. Rxg6+ hxg6 54. Qxe7 Qxc6 55. Qd8+ Kg7 56. Qe7+ Bf7 57. Qe5+ Kg8
58. Qb8+ Qe8 59. Qd6 Qe6 60. Qd8+ Kg7 61. Qd4+ Qf6 62. Qe3 Qb2+ 63. Ke1 Qb1+
64. Kd2 Qb2+ 65. Ke1 Qa1+ 66. Kf2 Qh1 67. Qe5+ Kg8 68. Qb8+ Kg7 69. Qe5+ Kh7
70. f5 Qh2+ 71. Ke3 Qg1+ 72. Kd2 Qf2+ 73. Kc3 Qf3+ 74. Kb2 Qb3+ 75. Kc1 Qc4+
76. Kd2 Qd5+ 77. Qxd5 Bxd5 78. fxg6+ Kxg6 79. Ke3 Kh5 80. Kf4 Be6 81. Kf3
Bg4+ 82. Kf4 Bh3 83. Kf3 Kg6 84. Kf4 Kf6 85. g4 Bg2 86. g5+ Kg6 87. Kg4 Bf1
88. h5+ Kg7 89. Kf5 Be2 90. h6+ Kh7 91. Kf6 Bd3 92. Ke5 Bc2 93. Kd5 Bg6 94.
Kc6 Bd3 95. Kb6 Kg6 96. Kxa6 {Black forfeits on time} 1-0

[Event "ICC Open 2015"]
[Site "Internet Chess Club"]
[Date "2015.05.30"]
[Round "5"]
[White "Kastor"]
[Black "ChillingGuy"]
[Result "1/2-1/2"]
[ICCResult "White stalemated"]
[WhiteElo "2863"]
[BlackElo "2374"]
[Opening "Caro-Kann: Panov-Botvinnik attack"]
[ECO "B13"]
[NIC "CK.02"]
[Time "19:42:36"]
[TimeControl "180+0"]

1. e4 c6 2. d4 d5 3. exd5 cxd5 4. c4 Nc6 5. Nc3 Nf6 6. Bg5 dxc4 7. d5 Ne5 8.
Qd4 Nc6 9. Qxc4 Ne5 10. Qd4 Nc6 11. Bb5 a6 12. dxc6 axb5 13. Bxf6 gxf6 14.
Qc5 bxc6 15. Qxc6+ Bd7 16. Qe4 Qc8 17. Nf3 Bc6 18. Nd5 Bxd5 19. Qxd5 Rb8 20.
O-O Bg7 21. Rac1 Qe6 22. Rfd1 O-O 23. a3 Qxd5 24. Rxd5 Rfd8 25. Rxd8+ Rxd8
26. Kf1 f5 27. Rc2 Rd1+ 28. Ke2 Rb1 29. b4 Bf6 30. g3 Ra1 31. Rc5 Rxa3 32.
Rxf5 Rb3 33. Rxb5 Bc3 34. Rb8+ Kg7 35. b5 e5 36. Nh4 Kf6 37. Rb6+ Kg5 38.
Nf3+ Kf5 39. h3 e4 40. Nh4+ Ke5 41. Rb7 Kd4 42. Rd7+ Kc4 43. Rxf7 Bd4 44.
Kf1 Rxb5 45. Rd7 Kd3 46. Nf5 Rxf5 47. f4 exf3 48. Rxh7 Rc5 49. Re7 f2 50.
Rf7 Rc1+ 51. Kg2 Rg1+ 52. Kh2 f1=Q 53. Rxf1 Rxf1 54. h4 Ke4 55. Kh3 Rf8 56.
Kg4 Rg8+ 57. Kh5 Kf5 58. Kh6 Rg6+ 59. Kh7 Rxg3 60. h5 Rg4 61. h6 Rg5
{White stalemated}
1/2-1/2

[Event "ICC Open 2015"]
[Site "Internet Chess Club"]
[Date "2015.05.30"]
[Round "5"]
[White "unkavalo"]
[Black "Danya"]
[Result "0-1"]
[ICCResult "White forfeits on time"]
[WhiteElo "2541"]
[BlackElo "3022"]
[Opening "English: four knights, 4.e3"]
[ECO "A28"]
[NIC "EO.05"]
[Time "19:42:38"]
[TimeControl "180+0"]

1. c4 e5 2. Nc3 Nf6 3. Nf3 Nc6 4. e3 Bb4 5. Qc2 O-O 6. Nd5 Be7 7. a3 d6 8.
Bd3 h6 9. b4 Be6 10. Nxf6+ Bxf6 11. Bb2 Re8 12. Bh7+ Kh8 13. Be4 d5 14. cxd5
Bxd5 15. h4 Nd4 16. exd4 Bxe4 17. Qb3 Bd5 18. Qc2 exd4+ 19. Kf1 d3 20. Qc1
Re2 21. Ng1 Re6 22. Rh3 Rc6 23. Qb1 Bb3 24. Rf3 Bc2 25. Qa2 Bxb2 26. Qxb2
Qd7 27. Nh3 Re8 28. Kg1 Rce6 29. Nf4 Re1+ 30. Rxe1 Rxe1+ 31. Kh2 Qg4 32. Qd4
Kh7 33. Rg3 Qxh4+ 34. Rh3 Qg4 35. Rg3 Qh4+ 36. Rh3 Qf6 37. Qxf6 gxf6 38.
Nxd3 Re3 {White forfeits on time} 0-1

[Event "ICC Open 2015"]
[Site "Internet Chess Club"]
[Date "2015.05.30"]
[Round "5"]
[White "hotmooses"]
[Black "KVR"]
[Result "1-0"]
[ICCResult "Black forfeits on time"]
[WhiteElo "1943"]
[BlackElo "1373"]
[Opening "Robatsch (modern) defense"]
[ECO "A40"]
[NIC "KF.05"]
[Time "19:43:28"]
[TimeControl "180+0"]

1. d4 g6 2. e4 Bg7 3. Nf3 d6 4. Bc4 e6 5. O-O Ne7 6. Qe2 Nbc6 7. Rd1 b6 8.
d5 exd5 9. exd5 Ne5 10. Nxe5 Bxe5 11. f4 Bg7 12. Nc3 O-O 13. Be3 Bb7 14. Bd4
Nf5 15. Bxg7 Nxg7 16. Re1 Re8 17. Qf3 Rxe1+ 18. Rxe1 Nf5 19. g4 Ng7 20. Qe4
a6 21. Qe7 b5 22. Qxd8+ Rxd8 23. Bb3 Re8 24. Ne4 Rd8 25. Nf6+ Kh8 26. Re7
Rc8 27. h4 a5 28. c3 a4 29. Bc2 Ba8 30. Rxf7 c5 31. h5 Bxd5 32. Nxd5 Ne6 33.
hxg6 hxg6 34. Bxg6 Kg8 35. Re7 Nf8 36. Bf7+ Kg7 37. Be6+
{Black forfeits on time}
1-0

[Event "ICC Open 2015"]
[Site "Internet Chess Club"]
[Date "2015.05.30"]
[Round "5"]
[White "Spirals"]
[Black "slothchess"]
[Result "1-0"]
[ICCResult "Black forfeits on time"]
[WhiteElo "2123"]
[BlackElo "1813"]
[Opening "Sicilian: modern Scheveningen"]
[ECO "B58"]
[NIC "SI.22"]
[Time "19:42:47"]
[TimeControl "180+0"]

1. e4 c5 2. Nf3 d6 3. Nc3 Nc6 4. d4 cxd4 5. Nxd4 Nf6 6. Be2 e6 7. O-O Be7 8.
Be3 O-O 9. Kh1 a6 10. f4 Qc7 11. Bf3 Bd7 12. a4 Nxd4 13. Bxd4 Bc6 14. a5 Nd7
15. Qd2 Bf6 16. Rfd1 Be7 17. Qf2 Rac8 18. Qg3 Bf6 19. Bxf6 Nxf6 20. e5 dxe5
21. fxe5 Nd5 22. Nxd5 Bxd5 23. Bxd5 exd5 24. c3 Rfd8 25. Rd4 Rd7 26. h3 Re8
27. Rg4 Qxe5 28. Qf3 Qe3 29. Qxe3 Rxe3 30. Rb4 Re4 31. Rb6 Re6 32. Rb4 Rc6
33. Rd1 f6 34. Rbd4 Rc5 35. c4 Rxa5 36. b4 Ra4 37. cxd5 Kf7 38. Kg1 Ke7 39.
d6+ Kf7 40. Kf2 Ra3 41. R1d2 Rb3 42. Ke2 g6 43. Kd1 f5 44. Kc2 Ra3 45. Kb2
Ra4 46. Rd1 b5 47. Kb3 Ke6 48. Re1+ Kf6 49. Red1 Ke5 50. Rd5+ Kf6 51. R5d2
a5 52. bxa5 Rxa5 53. Kb4 Ra8 54. Kxb5 Rc8 55. Rd5 Rb7+ 56. Ka4 Ra8+ 57. Ra5
{Black forfeits on time}
1-0

[Event "ICC Open 2015"]
[Site "Internet Chess Club"]
[Date "2015.05.30"]
[Round "5"]
[White "nevidimka"]
[Black "cap78red"]
[Result "1-0"]
[ICCResult "Black forfeits on time"]
[WhiteElo "1993"]
[BlackElo "1456"]
[Opening "Trompowsky attack (Ruth, Opocenský opening)"]
[ECO "A45"]
[NIC "QP.07"]
[Time "19:44:08"]
[TimeControl "180+0"]

1. d4 Nf6 2. Bg5 g6 3. Bxf6 exf6 4. h4 Bg7 5. h5 f5 6. e3 d5 7. c4 c6 8. Nc3
Be6 9. Qb3 dxc4 10. Bxc4 Bxc4 11. Qxc4 Qg5 12. g3 Nd7 13. hxg6 fxg6 14. Nge2
O-O-O 15. Nf4 Nb6 16. Qb3 h5 17. Ne6 Qe7 18. Nxd8 Rxd8 19. O-O-O Bh6 20. Kb1
Nd5 21. Nxd5 Rxd5 22. Rc1 Qe4+ 23. Ka1 Rb5 24. Qg8+ Kc7 25. Qh7+ Kb6 26.
Qxh6 Qg2 27. Qf4 g5 28. Qxg5 Qxf2 29. Rb1 a5 30. Qf4 Qc2 31. Qf1 a4 32. Qd1
Qf2 33. Qxa4 Qg2 34. Rhc1 Qd2 35. Qc2 Qxe3 36. Qc5+ Rxc5 37. dxc5+
{Black forfeits on time}
1-0

[Event "ICC Open 2015"]
[Site "Internet Chess Club"]
[Date "2015.05.30"]
[Round "5"]
[White "gmgattass"]
[Black "Mighty-Penguin"]
[Result "1-0"]
[ICCResult "Black resigns"]
[WhiteElo "2275"]
[BlackElo "2018"]
[Opening "Scotch gambit: Dubois-Réti defense"]
[ECO "C55"]
[NIC "KP.02"]
[Time "19:44:15"]
[TimeControl "180+0"]

1. e4 e5 2. Nf3 Nc6 3. d4 exd4 4. Bc4 Nf6 5. e5 Ne4 6. O-O Nc5 7. Nxd4 Ne6
8. Nf3 d6 9. Bb5 Be7 10. Nc3 O-O 11. exd6 Bxd6 12. Bxc6 bxc6 13. Ne4 Qe7 14.
Re1 Bb7 15. Neg5 c5 16. Qd3 g6 17. Nxe6 fxe6 18. Ng5 e5 19. Ne4 Qf7 20. f3
Rad8 21. Qe2 Bd5 22. Bh6 Rfe8 23. b3 Bc6 24. c4 Qf5 25. Rad1 Rd7 26. Rd2
Red8 27. Red1 Bxe4 28. fxe4 Qe6 29. Be3 Qe7 30. Qf2 Rf8 31. Qg3 Rdd8 32. Bg5
Qe6 33. Bxd8 Rxd8 34. Rf1 Qe7 35. Rdf2 Rd7 36. h4 Qe6 37. Rf6 Qe7 38. h5 Kg7
39. hxg6 Qxf6 40. Rxf6 Kxf6 41. Qh4+ Ke6 42. Qg4+ Ke7 43. g7 {Black resigns}
1-0

[Event "ICC Open 2015"]
[Site "Internet Chess Club"]
[Date "2015.05.30"]
[Round "5"]
[White "catman"]
[Black "postmortem"]
[Result "1/2-1/2"]
[ICCResult "Game drawn because neither player has mating material"]
[WhiteElo "1788"]
[BlackElo "2054"]
[Opening "Grünfeld: modern exchange variation"]
[ECO "D90"]
[NIC "GI.07"]
[Time "19:42:04"]
[TimeControl "180+0"]

1. d4 Nf6 2. Nf3 g6 3. c4 Bg7 4. Nc3 d5 5. cxd5 Nxd5 6. e4 Nxc3 7. bxc3 c5
8. Rb1 O-O 9. Be2 cxd4 10. cxd4 Qa5+ 11. Bd2 Qxa2 12. O-O Bg4 13. Bg5 h6 14.
Be3 Rd8 15. Rxb7 Nc6 16. d5 e6 17. dxc6 Rxd1 18. Bxd1 Qc4 19. c7 Rc8 20. Bf4
Bxf3 21. Bxf3 e5 22. Rc1 Qa6 23. Rb8 exf4 24. Be2 Qe6 25. Bc4 Qe8 26. Rxc8
Qxc8 27. Ba6 Qxa6 28. c8=Q+ Qxc8 29. Rxc8+ Kh7 30. Ra8 Bd4 31. Kf1 Kg7 32.
f3 Kf6 33. Ke2 Ke6 34. Kd3 Bb6 35. h3 Ke7 36. Rh8 h5 37. Rb8 Ke6 38. Rb7 f6
39. Kc4 f5 40. Kb5 fxe4 41. fxe4 Ke5 42. Re7+ Kf6 43. Re8 g5 44. e5+ Kf7 45.
Rh8 Kg6 46. Kc6 g4 47. hxg4 hxg4 48. e6 Kf6 49. Kd7 Bc5 50. Rh6+ Kg5 51. Rh7
f3 52. gxf3 gxf3 53. Rf7 Kg4 54. e7 Bxe7 55. Kxe7 a5 56. Kd6 a4 57. Ra7 f2
58. Rxa4+ Kg3 59. Ra3+ Kg2 60. Ra2 Kg1 61. Rxf2 Kxf2
{Game drawn because neither player has mating material}
1/2-1/2

[Event "ICC Open 2015"]
[Site "Internet Chess Club"]
[Date "2015.05.30"]
[Round "5"]
[White "a-man"]
[Black "krankenstein"]
[Result "0-1"]
[ICCResult "White forfeits on time"]
[WhiteElo "1415"]
[BlackElo "1156"]
[Opening "Philidor's defense"]
[ECO "C41"]
[NIC "KP.10"]
[Time "19:42:10"]
[TimeControl "180+0"]

1. e4 e5 2. Nf3 d6 3. Bc4 h6 4. O-O Nf6 5. Nc3 a6 6. b3 Nc6 7. Bb2 Be7 8.
Nd5 Nxd5 9. Bxd5 Bg4 10. h3 Bh5 11. c3 Qd7 12. Qe2 O-O-O 13. Qe3 Kb8 14. Nh4
g5 15. Nf5 Bf6 16. Ng3 Bg6 17. c4 g4 18. Bxc6 bxc6 19. hxg4 Qxg4 20. Rfe1 h5
21. c5 h4 22. Nh1 h3 23. Ng3 h2+ 24. Kh1 dxc5 25. Qxc5 Rxd2 26. Qb4+ Ka7 27.
Qxd2 Bh4 28. Qe3+ Kb7 29. Bxe5 Bxg3 30. Qxg3 Qe6 31. Bxc7 Bxe4 32. Qd6 Qxd6
33. Bxd6 f5 34. Re2 Bd3 35. Re3 Be4 36. Rae1 Bd5 37. f3 Rd8 38. Re8 Rxd6 39.
R1e7+ Kb6 40. Rb8+ Kc5 41. Re1 Rh6 42. Rc1+ Kd6 {White forfeits on time} 0-1

[Event "ICC Open 2015"]
[Site "Internet Chess Club"]
[Date "2015.05.30"]
[Round "6"]
[White "a-rubinstein"]
[Black "MoJudson"]
[Result "1-0"]
[ICCResult "Black resigns"]
[WhiteElo "2153"]
[BlackElo "1795"]
[Opening "English: symmetrical, Benoni formation"]
[ECO "A31"]
[NIC "EO.26"]
[Time "19:51:30"]
[TimeControl "180+0"]

1. d4 Nf6 2. c4 c5 3. Nf3 cxd4 4. Nxd4 g6 5. g3 Bg7 6. Bg2 O-O 7. O-O Nc6 8.
Nc3 a6 9. Bg5 Nxd4 10. Qxd4 Qa5 11. Qd2 Re8 12. Rfd1 d6 13. Bxf6 Bxf6 14.
Nd5 Qxd2 15. Nxf6+ exf6 16. Rxd2 Be6 17. b3 Red8 18. Rad1 {Black resigns}
1-0

[Event "ICC Open 2015"]
[Site "Internet Chess Club"]
[Date "2015.05.30"]
[Round "6"]
[White "jjosu"]
[Black "kurka56"]
[Result "1-0"]
[ICCResult "Black resigns"]
[WhiteElo "2189"]
[BlackElo "1798"]
[Opening "Sicilian: Nimzovich-Rossolimo attack (without ...d6)"]
[ECO "B30"]
[NIC "SI.31"]
[Time "19:51:07"]
[TimeControl "180+0"]

1. e4 c5 2. Nf3 Nc6 3. Bb5 d6 4. Bxc6+ bxc6 5. O-O e5 6. c3 Nf6 7. d4 cxd4
8. cxd4 Bg4 9. dxe5 Bxf3 10. Qxf3 dxe5 11. Nc3 Be7 12. Be3 O-O 13. Rac1 Rb8
14. b3 a5 15. Rfd1 Qc8 16. Nd5 Qe6 17. Rxc6 Bd6 18. Nxf6+ {Black resigns}
1-0

[Event "ICC Open 2015"]
[Site "Internet Chess Club"]
[Date "2015.05.30"]
[Round "6"]
[White "boobytrap"]
[Black "klodshans"]
[Result "1-0"]
[ICCResult "Black resigns"]
[WhiteElo "1951"]
[BlackElo "1667"]
[Opening "Robatsch defense: two knights variation"]
[ECO "B07"]
[NIC "QO.17"]
[Time "19:51:28"]
[TimeControl "180+0"]

1. d4 d6 2. e4 g6 3. Nc3 Bg7 4. Nf3 Nc6 5. d5 Ne5 6. Nxe5 Bxe5 7. f4 Bg7 8.
Bd3 e5 9. f5 gxf5 10. exf5 Nf6 11. O-O O-O 12. Bg5 Kh8 13. Ne4 Bd7 14. Qe1
Rg8 15. Qh4 Bxf5 16. Nxf6 Bxd3 17. cxd3 Bxf6 18. Bxf6+ Rg7 19. Bxd8
{Black resigns}
1-0

[Event "ICC Open 2015"]
[Site "Internet Chess Club"]
[Date "2015.05.30"]
[Round "6"]
[White "MichaelBluth"]
[Black "eltigrecu"]
[Result "1-0"]
[ICCResult "Black checkmated"]
[WhiteElo "2350"]
[BlackElo "2016"]
[Opening "Réti: advance variation"]
[ECO "A09"]
[NIC "RE.16"]
[Time "19:50:58"]
[TimeControl "180+0"]

1. Nf3 d5 2. c4 d4 3. e3 c5 4. b4 dxe3 5. fxe3 cxb4 6. d4 Bg4 7. h3 Bxf3 8.
Qxf3 Qc7 9. e4 e6 10. c5 e5 11. Bb5+ Nc6 12. d5 a6 13. Ba4 Qa5 14. dxc6 Qxa4
15. cxb7 Rb8 16. Qf5 Kd8 17. Qxe5 Rxb7 18. Qd5+ Rd7 19. Qa8+ Ke7 20. O-O Nf6
21. e5 Nd5 22. Bg5+ f6 23. exf6+ gxf6 24. Nd2 fxg5 25. Rae1+ Ne3 26. Rxe3#
{Black checkmated}
1-0

[Event "ICC Open 2015"]
[Site "Internet Chess Club"]
[Date "2015.05.30"]
[Round "6"]
[White "Cave-Man"]
[Black "DropZone"]
[Result "0-1"]
[ICCResult "White resigns"]
[WhiteElo "1833"]
[BlackElo "2030"]
[Opening "Sicilian: O'Kelly variation"]
[ECO "B28"]
[NIC "SI.43"]
[Time "19:51:28"]
[TimeControl "180+0"]

1. e4 c5 2. Nf3 a6 3. d4 cxd4 4. Nxd4 Nf6 5. Bd3 d6 6. O-O e6 7. c4 Be7 8.
Nc3 O-O 9. Be3 Nbd7 10. h3 Qc7 11. b3 b5 12. Rc1 bxc4 13. Bxc4 Bb7 14. Bd3
Qb8 15. f4 Nc5 16. Qc2 Rc8 17. e5 dxe5 18. fxe5 Qxe5 19. Bf2 Bd6 20. Nf3
Bxf3 {White resigns} 0-1

[Event "ICC Open 2015"]
[Site "Internet Chess Club"]
[Date "2015.05.30"]
[Round "6"]
[White "wagnerbi"]
[Black "truufseir"]
[Result "1-0"]
[ICCResult "Black checkmated"]
[WhiteElo "1960"]
[BlackElo "1648"]
[Opening "QGD: Albin counter-gambit, 5.g3"]
[ECO "D09"]
[NIC "QG.02"]
[Time "19:51:23"]
[TimeControl "180+0"]

1. d4 d5 2. c4 e5 3. dxe5 d4 4. Nf3 Nc6 5. g3 Bg4 6. Nbd2 Qd7 7. Bg2 O-O-O
8. h3 Be6 9. a3 Nge7 10. b4 Ng6 11. b5 Ncxe5 12. Qa4 a6 13. Qa5 Nxc4 14.
Nxc4 Bxc4 15. bxa6 Bxa6 16. O-O Be7 17. Bb2 Bf6 18. Rfc1 Rhe8 19. Nxd4 Bxd4
20. Bxd4 Rxe2 21. Bb6 Qd2 22. Rxc7+ Kb8 23. Rxb7+ Bxb7 24. Qa7+ Kc8 25.
Qxb7# {Black checkmated} 1-0